[Event "Titled Tuesday Blitz May 9 Early 2023"]
[White "Bueno, Alfeu Junior Varela"]
[Black "Necula, Iulian"]
[WhiteFideId "2108879"]
[BlackFideId "1232380"]
[WhiteElo "2175"]
[BlackElo "1790"]
[Result "1-0"]
[Round "04"]
[TimeControl "180+2"]
[Date "2023.05.09"]
[WhiteClock "0:02:33"]
[BlackClock "0:01:27"]

1. e4 d6 2. d4 Nf6 3. Nc3 e5 4. dxe5 dxe5 5. Qxd8+ Kxd8 6. Bg5 Be6 7. O-O-O+ Bd6 8. f4 Bg4 9. Nf3 Bxf3 10. gxf3 Nd7 11. Bh3 exf4 12. Bxd7 Kxd7 13. e5 h6 14. Bxf6 gxf6 15. exd6 cxd6 16. Ne4 1-0


[Site "https://www.chess.com"]

[Event "Titled Tuesday Blitz May 9 Early 2023"]
[White "Hartikainen, Jarmo"]
[Black "Wessendorf, Thomas, Dr."]
[WhiteFideId "503134"]
[BlackFideId "4604270"]
[WhiteElo "2105"]
[BlackElo "2280"]
[Result "0-1"]
[Round "04"]
[TimeControl "180+2"]
[Date "2023.05.09"]
[WhiteClock "0:00:12"]
[BlackClock "0:01:17"]

1. e4 c5 2. c3 d5 3. exd5 Qxd5 4. d4 g6 5. Nf3 Bg7 6. Na3 cxd4 7. Nb5 Qd8 8. Nbxd4 Nf6 9. Bb5+ Nbd7 10. O-O O-O 11. Re1 a6 12. Bc4 Qc7 13. Qe2 e5 14. Nxe5 Nxe5 15. Qxe5 Qxc4 16. b3 Qxc3 17. Bg5 Ng4 18. Qe7 Qxd4 19. Rad1 Qxf2+ 20. Kh1 Be6 21. h3 Bf6 22. Bxf6 Qxf6 23. Rxe6 Nf2+ 24. Kg1 Qxe7 25. Rxe7 Nxd1 0-1


[Site "https://www.chess.com"]

[Event "Titled Tuesday Blitz May 9 Early 2023"]
[White "Stead, Kerry"]
[Black "Thomas, Anysia"]
[WhiteFideId "3202577"]
[BlackFideId "670472"]
[WhiteElo "1997"]
[BlackElo "2091"]
[Result "0-1"]
[Round "04"]
[TimeControl "180+2"]
[Date "2023.05.09"]
[WhiteClock "0:00:00"]
[BlackClock "0:00:27"]

1. d4 Nf6 2. f3 d5 3. e4 dxe4 4. Nc3 exf3 5. Nxf3 g6 6. Bg5 Bg7 7. Qd2 O-O 8. O-O-O c5 9. dxc5 Qxd2+ 10. Rxd2 Nc6 11. a3 Bf5 12. Bc4 a5 13. h3 h6 14. Bf4 g5 15. Bh2 Rac8 16. Rhd1 Bg6 17. Na4 Na7 18. Bb3 Ne4 19. Rd7 Nxc5 20. Nxc5 Rxc5 21. Rxb7 Nc6 22. Rc7 Be4 23. Rdd7 Rb8 24. Nd2 Bxg2 25. Bg1 Re5 0-1


[Site "https://www.chess.com"]

[Event "Titled Tuesday Blitz May 9 Early 2023"]
[White "Torres Dominguez, David"]
[Black "Nugumanov, Bakhtiyar"]
[WhiteFideId "2220857"]
[BlackFideId "13701797"]
[WhiteElo "1999"]
[BlackElo "2209"]
[Result "1-0"]
[Round "04"]
[TimeControl "180+2"]
[Date "2023.05.09"]
[WhiteClock "0:00:13"]
[BlackClock "0:00:01"]

1. e4 e6 2. d4 d5 3. exd5 exd5 4. Bd3 Nc6 5. Nf3 Bd6 6. c3 Nge7 7. O-O O-O 8. Re1 Bf5 9. Bf1 Ng6 10. Be3 Qd7 11. Nbd2 Rfe8 12. Qb3 Na5 13. Qb5 Qxb5 14. Bxb5 c6 15. Bf1 b6 16. Bg5 f6 17. Bh4 Nf4 18. Bg3 Kf7 19. b4 Nb7 20. Ba6 Nd8 21. Rxe8 Kxe8 22. Re1+ Kd7 23. c4 g5 24. c5 Bc7 25. b5 h5 26. h4 g4 27. Nh2 Nde6 28. bxc6+ Kxc6 29. Nb3 bxc5 30. dxc5 Rb8 31. Nf1 d4 32. Bxf4 Bxf4 33. g3 Be5 34. Nfd2 Nxc5 35. Rc1 Bd6 36. Bf1 Rb4 37. Bg2+ Kb6 38. Nc4+ Kb5 39. Nxd6+ Kb6 40. Nxf5 1-0


[Site "https://www.chess.com"]

[Event "Titled Tuesday Blitz May 9 Early 2023"]
[White "Cramling Bellon, Anna"]
[Black "Clawitter, Craig"]
[WhiteFideId "32009232"]
[BlackFideId "2023105"]
[WhiteElo "1976"]
[BlackElo "2240"]
[Result "0-1"]
[Round "04"]
[TimeControl "180+2"]
[Date "2023.05.09"]
[WhiteClock "0:00:04"]
[BlackClock "0:00:14"]

1. e3 g6 2. d3 Bg7 3. Ne2 d5 4. Nd2 c5 5. Ng3 h5 6. h3 Nc6 7. Nb3 b6 8. a4 h4 9. Ne2 e5 10. a5 Be6 11. axb6 axb6 12. Rxa8 Qxa8 13. e4 d4 14. f4 f6 15. fxe5 fxe5 16. Bg5 Bf6 17. Qc1 Bxb3 18. cxb3 Nb4 19. Ng1 Bxg5 20. Qxg5 Qa1+ 21. Kf2 Qxb2+ 22. Kf3 Ne7 23. Qxe5 O-O+ 24. Kg4 Rxf1 25. Qxe7 Qxg2+ 26. Kxh4 Rf4# 0-1


[Site "https://www.chess.com"]

[Event "Titled Tuesday Blitz May 9 Early 2023"]
[White "Srdanovic, Jovana"]
[Black "Maluco_do_Natal_00"]
[WhiteFideId "954810"]
[WhiteElo "2169"]
[BlackElo "2019"]
[Result "1-0"]
[Round "04"]
[TimeControl "180+2"]
[Date "2023.05.09"]
[WhiteClock "0:00:30"]
[BlackClock "0:00:00"]

1. d4 d5 2. c4 c6 3. Nf3 Nf6 4. Nc3 dxc4 5. a4 Bf5 6. Ne5 Nbd7 7. Nxc4 Nb6 8. Ne5 Nbd7 9. Nc4 Nb6 10. Nxb6 Qxb6 11. e3 Rd8 12. a5 Qc7 13. Bd3 Bxd3 14. Qxd3 e5 15. O-O Be7 16. Qc4 exd4 17. exd4 O-O 18. h3 Nd5 19. Nxd5 Rxd5 20. Bd2 Bf6 21. Bc3 a6 22. b4 Qf4 23. Rad1 Rfd8 24. Rfe1 h5 25. Qe2 g6 26. Rd3 Bg7 27. Rf3 Qd6 28. Qe7 Qxe7 29. Rxe7 f5 30. Rxb7 Bxd4 31. Bxd4 Rxd4 32. Rc3 R8d7 33. Rxd7 Rxd7 34. Rxc6 Kf7 35. Rxa6 Rd1+ 36. Kh2 Rd2 37. f3 Rb2 38. Rb6 h4 39. a6 g5 40. a7 Ra2 41. Rb7+ Kf6 42. b5 g4 43. fxg4 fxg4 44. hxg4 Kg5 45. b6 Kxg4 46. Rb8 h3 47. Rg8+ Kh4 48. a8=Q Rxg2+ 49. Rxg2 hxg2 50. Qxg2 1-0


[Site "https://www.chess.com"]

[Event "Titled Tuesday Blitz May 9 Early 2023"]
[White "Castillo Pena, Patricia Evarista"]
[Black "Srebrnic, Ana"]
[WhiteFideId "6412106"]
[BlackFideId "14603314"]
[WhiteElo "1919"]
[BlackElo "2181"]
[Result "1-0"]
[Round "04"]
[TimeControl "180+2"]
[Date "2023.05.09"]
[WhiteClock "0:00:04"]
[BlackClock "0:00:00"]

1. d4 Nf6 2. Nf3 e6 3. e3 d5 4. Bd3 c5 5. b3 Nc6 6. Bb2 Be7 7. O-O O-O 8. Nbd2 b6 9. Ne5 Bb7 10. a3 cxd4 11. exd4 Rc8 12. Rc1 Qc7 13. Qe2 Nd7 14. Rfe1 Bf6 15. c4 dxc4 16. bxc4 Bxe5 17. dxe5 Nc5 18. Bb1 Rcd8 19. Ne4 Ne7 20. Nf6+ gxf6 21. exf6 Ng6 22. Qh5 Qc6 23. Be4 Nxe4 24. Qh6 Nxf6 25. f3 Qc5+ 26. Kh1 Qf5 27. Rcd1 Rxd1 28. Rxd1 Bxf3 29. Rf1 Bxg2+ 30. Kxg2 Qg4+ 31. Kh1 Qe4+ 32. Kg1 Qe3+ 33. Qxe3 Kg7 34. Qg5 Kg8 35. Qxf6 e5 36. Bxe5 1-0


[Site "https://www.chess.com"]

[Event "Titled Tuesday Blitz May 9 Early 2023"]
[White "Ismayilova, Khanim"]
[Black "Schut, Han"]
[WhiteFideId "13429019"]
[BlackFideId "1005561"]
[WhiteElo "1633"]
[BlackElo "2024"]
[Result "0-1"]
[Round "04"]
[TimeControl "180+2"]
[Date "2023.05.09"]
[WhiteClock "0:00:00"]
[BlackClock "0:01:34"]

1. c4 Nf6 2. Nc3 d5 3. e3 c5 4. d4 cxd4 5. exd4 g6 6. Nf3 Bg7 7. Be2 O-O 8. O-O dxc4 9. Bxc4 a6 10. Be3 b5 11. Be2 Bb7 12. Rc1 Nc6 13. Qd2 Rc8 14. Rfd1 e6 15. Bh6 Ne7 16. Bxg7 Kxg7 17. h3 h5 18. a3 Ned5 19. Nxd5 Qxd5 20. Qg5 Rfd8 21. Qxd5 Bxd5 22. Ne5 Bb3 23. Rxc8 Rxc8 24. Rd3 Rc1+ 25. Kh2 Bc4 0-1


[Site "https://www.chess.com"]

[Event "Titled Tuesday Blitz May 9 Early 2023"]
[White "Smietanska, Wiktoria"]
[Black "Vargas, Mauricio"]
[WhiteFideId "21869359"]
[BlackFideId "4404572"]
[WhiteElo "1995"]
[BlackElo "1986"]
[Result "0-1"]
[Round "04"]
[TimeControl "180+2"]
[Date "2023.05.09"]
[WhiteClock "0:00:00"]
[BlackClock "0:00:05"]

1. c4 Nc6 2. Nc3 e5 3. Nf3 f5 4. g3 e4 5. Nh4 Nf6 6. Nxf5 d5 7. cxd5 Nxd5 8. Nh4 g5 9. Ng2 Bg7 10. Qa4 Nxc3 11. dxc3 Qe7 12. Ne3 Bd7 13. Qc2 O-O-O 14. Bg2 h5 15. Qxe4 Qf7 16. O-O h4 17. Qc4 Be6 18. Qa4 hxg3 19. hxg3 Qh5 20. Re1 Rdf8 21. Bf3 Qh2+ 22. Kf1 g4 23. Bg2 Qxg3 24. Nd1 Qh2 25. Qe4 Bd7 0-1


[Site "https://www.chess.com"]

[Event "Titled Tuesday Blitz May 9 Early 2023"]
[White "Sanchez, Robert"]
[Black "Ramirez, Maria Eugenia"]
[WhiteFideId "2034360"]
[BlackFideId "3301680"]
[WhiteElo "1866"]
[BlackElo "1842"]
[Result "0-1"]
[Round "04"]
[TimeControl "180+2"]
[Date "2023.05.09"]
[WhiteClock "0:01:35"]
[BlackClock "0:01:06"]

1. Nf3 Nf6 2. b3 d5 3. Bb2 e6 4. e3 c5 5. d4 Nc6 6. Nbd2 Be7 7. Bd3 O-O 8. O-O b6 9. a3 Bb7 10. dxc5 bxc5 11. e4 Rc8 12. Re1 Ne8 13. exd5 exd5 14. c4 d4 15. Ne4 f5 16. Ng3 Nd6 17. Qd2 f4 18. Ne4 h6 19. Nxc5 Bf6 20. Ne6 Qd7 21. Nxf8 Rxf8 22. Qxf4 g5 23. Qg3 Bg7 24. c5 Nf5 25. Qh3 Qd5 26. Bc4 0-1


[Site "https://www.chess.com"]

[Event "Titled Tuesday Blitz May 9 Early 2023"]
[White "Carlsen, Magnus"]
[Black "Mitrabha, Guha"]
[WhiteFideId "1503014"]
[BlackFideId "5057000"]
[WhiteElo "2852"]
[BlackElo "2507"]
[Result "1-0"]
[Round "05"]
[TimeControl "180+2"]
[Date "2023.05.09"]
[WhiteClock "0:00:16"]
[BlackClock "0:00:03"]

1. d3 Nf6 2. g3 d5 3. Nf3 c6 4. Bg2 Bg4 5. h3 Bh5 6. Nbd2 Nbd7 7. g4 Bg6 8. Nh4 e5 9. e3 Bd6 10. Qe2 a5 11. a3 Qe7 12. b3 O-O 13. Bb2 Rfe8 14. Nxg6 hxg6 15. g5 Nh7 16. h4 b5 17. h5 Nxg5 18. hxg6 fxg6 19. Nf3 Nxf3+ 20. Bxf3 e4 21. dxe4 dxe4 22. Bg2 Be5 23. O-O-O Bxb2+ 24. Kxb2 a4 25. b4 Ne5 26. Rd4 Nc4+ 27. Rxc4 bxc4 28. Qxc4+ Qe6 29. Qxe6+ Rxe6 30. Bf1 Ree8 31. Bc4+ Kf8 32. Rh4 g5 33. Rh5 Rad8 34. Rxg5 Rd6 35. Kc3 Rf6 36. Rg2 Rd8 37. Rg4 Rxf2 38. Rxe4 Re8 39. Rh4 Rxe3+ 40. Bd3 Ke7 41. Rg4 Kf7 42. Kd4 Ref3 43. Kc5 Rf6 44. Kb6 R2f4 45. Rg5 Rd4 46. Ra5 Rd7 47. Rxa4 g5 48. Ra5 c5+ 49. Kxc5 g4 50. Kc4 Rf4+ 51. Kb3 Kf6 52. Ra6+ Kg5 53. Rg6+ Kh5 54. Rg8 Rd5 55. b5 Kh4 56. a4 g3 57. b6 Rdd4 58. a5 Rb4+ 59. Kc3 Kh3 60. Rh8+ Kg2 61. a6 Rxb6 62. a7 Ra4 63. a8=Q+ Rxa8 64. Be4+ Kf2 65. Bxa8 g2 66. Rf8+ Kg1 67. Rg8 Kf2 68. Rxg2+ Ke3 1-0


[Site "https://www.chess.com"]

[Event "Titled Tuesday Blitz May 9 Early 2023"]
[White "Bortnyk, Olexandr"]
[Black "Grigoriants, Sergey"]
[WhiteFideId "14120828"]
[BlackFideId "4130804"]
[WhiteElo "2734"]
[BlackElo "2502"]
[Result "1-0"]
[Round "05"]
[TimeControl "180+2"]
[Date "2023.05.09"]
[WhiteClock "0:00:13"]
[BlackClock "0:00:00"]

1. d4 Nf6 2. Nc3 d5 3. Bf4 Bf5 4. e3 e6 5. Nf3 a6 6. Ne5 h6 7. g4 Bh7 8. h4 Nfd7 9. Bd3 Nxe5 10. Bxe5 Nc6 11. Bg3 Bd6 12. f4 Qe7 13. Bxh7 Rxh7 14. Qd3 Rh8 15. O-O-O O-O-O 16. Kb1 h5 17. g5 f5 18. Ne2 g6 19. Be1 Qd7 20. Ng1 Na7 21. Nf3 Qb5 22. Rc1 Rhe8 23. Rh2 Kb8 24. a3 Nc8 25. c4 dxc4 26. Qxc4 Qxc4 27. Rxc4 Nb6 28. Rc1 Nd5 29. Re2 Rc8 30. Bf2 Re7 31. Rec2 Rd7 32. Ne1 b6 33. Nd3 Kb7 34. Ka2 a5 35. Re2 Ra8 36. Be1 Rf8 37. Bd2 Rdf7 38. Kb1 Rd8 39. e4 fxe4 40. Rxe4 Re8 41. Rce1 Rfe7 42. Rf1 Kc8 43. Ne5 Rg7 44. Nd3 Kd7 45. Kc2 Rf7 46. Rfe1 Rfe7 47. Kb3 Rf7 48. Kc4 c6 49. Kb3 Nc7 50. Rc1 Rf5 51. Ka2 Ref8 52. Rce1 Rd5 53. R1e2 Rdf5 54. Kb1 Rd5 55. Re1 Rf7 56. Rf1 Rf8 57. Rf2 Nb5 58. Be3 Nc7 59. Ne5+ Bxe5 60. fxe5 Rxf2 61. Bxf2 Ke7 62. Rf4 Ne8 63. Kc2 Rd7 64. Rf3 Rd5 65. Rb3 Rb5 66. Rc3 Kd7 67. Rf3 Ke7 68. a4 Rb4 69. b3 b5 70. d5 Re4 71. Bc5+ Kd7 72. Rf7+ Kc8 73. d6 1-0


[Site "https://www.chess.com"]

[Event "Titled Tuesday Blitz May 9 Early 2023"]
[White "Mekhitarian, Krikor Sevag"]
[Black "Sarana, Alexey"]
[WhiteFideId "2107660"]
[BlackFideId "24133795"]
[WhiteElo "2604"]
[BlackElo "2714"]
[Result "0-1"]
[Round "05"]
[TimeControl "180+2"]
[Date "2023.05.09"]
[WhiteClock "0:00:00"]
[BlackClock "0:00:10"]

1. Nf3 d5 2. c4 dxc4 3. e3 Nf6 4. Bxc4 a6 5. O-O b5 6. Be2 Bb7 7. b3 e6 8. Bb2 c5 9. a4 b4 10. d3 Be7 11. Nbd2 O-O 12. Nc4 Nbd7 13. Qc2 Nd5 14. Rfd1 Rc8 15. Rac1 Qc7 16. g3 Rfd8 17. e4 N5f6 18. a5 Bc6 19. Nfe5 Bb5 20. Bf1 Nxe5 21. Bxe5 Qb7 22. Bg2 Nd7 23. Bb2 Bxc4 24. dxc4 Qc7 25. e5 Nxe5 26. Bxe5 Qxe5 27. Bb7 Rb8 28. Bxa6 Qc7 29. Ra1 Bf6 30. Rxd8+ Rxd8 31. Rd1 Bd4 32. Bb5 Qxa5 33. Bc6 Qc7 34. Bf3 g6 35. Kg2 Rd6 36. h4 Ra6 37. Rd2 Qe7 38. Qe4 Ra3 39. Qc2 Qf6 40. h5 Kg7 41. Re2 Ra1 42. Qe4 Rc1 43. hxg6 hxg6 44. Ra2 Rc3 45. Bd1 Qg5 46. Ra7 Qf6 47. Qf4 Qxf4 48. gxf4 Rd3 49. Bf3 Rxb3 50. Bc6 Rb2 51. Be8 Rxf2+ 52. Kg3 b3 53. Bxf7 b2 54. Bxe6+ Kf8 55. Rb7 Rf1 0-1


[Site "https://www.chess.com"]

[Event "Titled Tuesday Blitz May 9 Early 2023"]
[White "Shimanov, Aleksandr"]
[Black "Beerdsen, Thomas"]
[WhiteFideId "4198603"]
[BlackFideId "1030108"]
[WhiteElo "2631"]
[BlackElo "2549"]
[Result "0-1"]
[Round "05"]
[TimeControl "180+2"]
[Date "2023.05.09"]
[WhiteClock "0:00:00"]
[BlackClock "0:01:15"]

1. e4 c5 2. d4 cxd4 3. Qxd4 Nc6 4. Qd3 e6 5. Nc3 a6 6. Bf4 b5 7. O-O-O Bb7 8. Kb1 Rc8 9. Nf3 Nf6 10. h4 Ng4 11. Bg3 Bc5 12. Qe2 O-O 13. e5 f5 14. exf6 Nxf6 15. Ne4 Nb4 16. Nxf6+ Qxf6 17. Ne5 Bxf2 18. Nxd7 Qf5 19. Nxf8 Be4 20. Bxf2 Rxc2 21. Ka1 Rxe2 22. Bxe2 Qxf2 23. Bg4 Nc2+ 24. Kb1 Ne3+ 25. Ka1 Nxd1 0-1


[Site "https://www.chess.com"]

[Event "Titled Tuesday Blitz May 9 Early 2023"]
[White "Rodshtein, Maxim"]
[Black "Lenderman, Aleksandr"]
[WhiteFideId "2806851"]
[BlackFideId "2021285"]
[WhiteElo "2555"]
[BlackElo "2607"]
[Result "1-0"]
[Round "05"]
[TimeControl "180+2"]
[Date "2023.05.09"]
[WhiteClock "0:01:35"]
[BlackClock "0:01:05"]

1. d4 e6 2. Nf3 Nf6 3. e3 g6 4. b3 Bg7 5. Bb2 O-O 6. Be2 c5 7. O-O cxd4 8. Nxd4 Nc6 9. c4 d5 10. Nd2 Bd7 11. N4f3 Rc8 12. a3 Re8 13. b4 a6 14. Rc1 Qe7 15. h3 Red8 16. Qb3 dxc4 17. Nxc4 Be8 18. Nb6 Rc7 19. Rfd1 Rxd1+ 20. Rxd1 Na7 21. Be5 Rc6 22. Nc4 Nd5 23. Bxg7 Kxg7 24. e4 Nf4 25. Bf1 f6 26. Qe3 b5 27. Na5 e5 28. Nxc6 Nxc6 29. Qb6 g5 30. Qxa6 Nd8 31. Bxb5 Bh5 32. Rd7 1-0


[Site "https://www.chess.com"]

[Event "Titled Tuesday Blitz May 9 Early 2023"]
[White "Kramnik, Vladimir"]
[Black "Peng, Li Min"]
[WhiteFideId "4101588"]
[BlackFideId "14112620"]
[WhiteElo "2703"]
[BlackElo "2436"]
[Result "1-0"]
[Round "05"]
[TimeControl "180+2"]
[Date "2023.05.09"]
[WhiteClock "0:01:08"]
[BlackClock "0:00:41"]

1. c4 e6 2. Nc3 d5 3. d4 c6 4. cxd5 exd5 5. Bf4 Bf5 6. e3 Qb6 7. Qd2 Nf6 8. f3 Nbd7 9. g4 Bg6 10. h4 h6 11. Nge2 Be7 12. Ng3 Nf8 13. h5 Bh7 14. Nf5 Ne6 15. Be5 Bxf5 16. gxf5 Ng5 17. Bg2 O-O 18. O-O-O Rfe8 19. f4 Ngh7 20. Bf3 Bf8 21. Rhg1 Kh8 22. Qg2 a5 23. Kb1 a4 24. a3 Qd8 25. e4 dxe4 26. Nxe4 Qd7 27. Bxf6 Nxf6 28. Nxf6 Qxf5+ 29. Ne4 Ra5 30. Ka1 Rb5 31. Nd6 1-0


[Site "https://www.chess.com"]

[Event "Titled Tuesday Blitz May 9 Early 2023"]
[White "Galchenko, Matvey"]
[Black "Bluebaum, Matthias"]
[WhiteFideId "24175480"]
[BlackFideId "24651516"]
[WhiteElo "2423"]
[BlackElo "2639"]
[Result "1/2-1/2"]
[Round "05"]
[TimeControl "180+2"]
[Date "2023.05.09"]
[WhiteClock "0:00:05"]
[BlackClock "0:00:06"]

1. f4 d5 2. Nf3 Nf6 3. b3 Bf5 4. Bb2 e6 5. e3 h6 6. Bd3 Bxd3 7. cxd3 c5 8. O-O Nc6 9. Qe2 Be7 10. d4 O-O 11. dxc5 Bxc5 12. Ne5 Nxe5 13. Bxe5 d4 14. b4 Bb6 15. Na3 Rc8 16. Rac1 Rxc1 17. Rxc1 dxe3 18. dxe3 Nd5 19. Nc4 f6 20. Nxb6 Qxb6 21. Bd4 Qxb4 22. Qg4 Re8 23. Qg6 Qe7 24. h3 b6 25. Qe4 Qd7 26. Kh2 Rc8 27. Rd1 Qf7 28. Qf3 Rd8 29. Bb2 Qe8 30. e4 Ne7 31. Rc1 Qb5 32. Ba3 Rd3 33. Qg4 Rxa3 34. Qxe6+ Kf8 35. Rc7 Qe8 36. e5 Re3 37. Qd6 fxe5 38. f5 Kg8 39. Rxe7 Qh5 40. f6 Rxh3+ 41. gxh3 Qe2+ 42. Kg3 Qe3+ 43. Kg2 Qe2+ 44. Kg3 Qe3+ 45. Kg2 Qe2+ 46. Kg1 Qe1+ 47. Kg2 Qe2+ 1/2-1/2


[Site "https://www.chess.com"]

[Event "Titled Tuesday Blitz May 9 Early 2023"]
[White "Nakamura, Hikaru"]
[Black "Sjugirov, Sanan"]
[WhiteFideId "2016192"]
[BlackFideId "4189302"]
[WhiteElo "2885"]
[BlackElo "2569"]
[Result "0-1"]
[Round "05"]
[TimeControl "180+2"]
[Date "2023.05.09"]
[WhiteClock "0:00:28"]
[BlackClock "0:00:46"]

1. Nf3 d5 2. e3 Nf6 3. d4 c6 4. c4 Bf5 5. Nc3 e6 6. Nh4 Bg6 7. Nxg6 hxg6 8. Rb1 Nbd7 9. c5 e5 10. b4 a6 11. Bd3 Be7 12. Ne2 Qc7 13. h3 g5 14. f3 g4 15. Kd2 gxf3 16. gxf3 b6 17. a3 a5 18. Bb2 axb4 19. axb4 bxc5 20. dxc5 e4 21. fxe4 dxe4 22. Bc4 Ne5 23. Bxe5 Qxe5 24. Kc2 Rd8 25. Qe1 Nd5 26. Nc3 Bh4 27. Qd2 Nxb4+ 28. Rxb4 Rxd2+ 29. Kxd2 O-O 30. Bb3 Rd8+ 31. Kc2 Bf6 32. Rc4 Qg3 33. Rd1 Qf2+ 34. Kb1 Rb8 0-1


[Site "https://www.chess.com"]

[Event "Titled Tuesday Blitz May 9 Early 2023"]
[White "Sargsyan, Shant"]
[Black "Salinas Herrera, Pablo"]
[WhiteFideId "13306766"]
[BlackFideId "3407128"]
[WhiteElo "2628"]
[BlackElo "2546"]
[Result "1-0"]
[Round "05"]
[TimeControl "180+2"]
[Date "2023.05.09"]
[WhiteClock "0:00:28"]
[BlackClock "0:00:00"]

1. c4 e6 2. g3 d5 3. Bg2 Nf6 4. Nf3 Be7 5. d4 O-O 6. Nc3 c6 7. O-O b6 8. Qd3 Bb7 9. Rd1 Nbd7 10. e4 dxe4 11. Nxe4 Qc8 12. Nc3 c5 13. d5 exd5 14. cxd5 a6 15. Nh4 Re8 16. Nf5 Bf8 17. Bf4 c4 18. Qc2 Ne5 19. Bxe5 Rxe5 20. Nd4 b5 21. Nc6 Re8 22. a4 b4 23. Ne4 Nxd5 24. Ng5 Nf6 25. Qxc4 Qc7 26. Na5 Qxc4 27. Nxc4 Bxg2 28. Kxg2 Rac8 29. Rac1 Rc5 30. Nf3 Rec8 31. b3 Ne4 32. Rd7 R5c7 33. Rxc7 Rxc7 34. Re1 Nc5 35. Na5 f6 36. Rc1 Rd7 37. Rc4 Nd3 38. Rd4 Rxd4 39. Nxd4 Bc5 40. Nac6 Kf7 41. Kf3 Ke8 42. Ke2 Bxd4 43. Kxd3 Bxf2 44. Nxb4 a5 45. Nc6 Bb6 46. Kc4 Kd7 47. Kb5 Bg1 48. h3 Bf2 49. g4 g6 50. Nxa5 f5 51. gxf5 gxf5 52. Nc4 f4 53. a5 Bd4 54. Nd2 Be3 55. Nf3 Kd6 56. Kc4 h6 57. b4 Ke6 58. b5 Kf5 59. Kd5 1-0


[Site "https://www.chess.com"]

[Event "Titled Tuesday Blitz May 9 Early 2023"]
[White "Bok, Benjamin"]
[Black "Ivic, Velimir"]
[WhiteFideId "1017063"]
[BlackFideId "950122"]
[WhiteElo "2657"]
[BlackElo "2563"]
[Result "0-1"]
[Round "05"]
[TimeControl "180+2"]
[Date "2023.05.09"]
[WhiteClock "0:00:00"]
[BlackClock "0:00:10"]

1. Nf3 Nf6 2. c4 g6 3. g3 Bg7 4. Bg2 O-O 5. O-O d6 6. d4 c6 7. Nc3 Bf5 8. b3 Ne4 9. Bb2 Nxc3 10. Bxc3 Be4 11. e3 Nd7 12. Qe2 d5 13. Rfc1 e6 14. Bf1 Bxf3 15. Qxf3 f5 16. b4 Nf6 17. a4 Ne4 18. Be1 g5 19. b5 c5 20. cxd5 exd5 21. dxc5 Bxa1 22. Rxa1 Qf6 23. Rd1 Rad8 24. Bb4 d4 25. exd4 Rxd4 26. Qb3+ Kg7 27. c6 Rf7 28. cxb7 Rxb7 29. Rc1 Rdd7 30. Rc8 Rd8 31. Rc6 Qd4 32. Be1 Re7 33. Qf3 Qd1 34. Bc3+ Kg8 35. Qxd1 Rxd1 36. Kg2 Nxc3 37. Rxc3 g4 38. Rd3 Ra1 39. f4 Ree1 40. Rd8+ Kg7 0-1


[Site "https://www.chess.com"]

[Event "Titled Tuesday Blitz May 9 Early 2023"]
[White "Bilych, Olexiy"]
[Black "Aravindh, Chithambaram VR."]
[WhiteFideId "14156504"]
[BlackFideId "5072786"]
[WhiteElo "2320"]
[BlackElo "2596"]
[Result "1-0"]
[Round "05"]
[TimeControl "180+2"]
[Date "2023.05.09"]
[WhiteClock "0:00:14"]
[BlackClock "0:00:00"]

1. d4 d5 2. c4 e5 3. dxe5 d4 4. Nf3 Nc6 5. a3 Nge7 6. g3 Ng6 7. Bg2 Ngxe5 8. Nbd2 Be7 9. O-O O-O 10. b4 Be6 11. Bb2 Nxc4 12. Nxc4 Bxc4 13. Rc1 Bd5 14. Nxd4 Bxg2 15. Kxg2 Nxd4 16. Qxd4 Qxd4 17. Bxd4 c6 18. Rfd1 Rfd8 19. Bc5 Kf8 20. Rxd8+ Rxd8 21. Bxa7 Ra8 22. Be3 Bf6 23. b5 cxb5 24. Rc7 Ke8 25. Rxb7 Rxa3 26. Rxb5 Ra2 27. Rb8+ Kd7 28. Rb7+ Ke6 29. Kf3 Ra3 30. Rb6+ Kd7 31. Rb7+ Ke6 32. Rb4 Bg5 33. h4 Bxe3 34. Re4+ Kf6 35. Rxe3 Ra5 36. Rb3 g6 37. g4 h5 38. gxh5 Rxh5 39. Rb4 Ra5 40. e3 Rc5 41. Kg4 Rc1 42. Rb6+ Kg7 43. Rb5 Rg1+ 44. Kf3 Rh1 45. Kg3 Rg1+ 46. Kh2 Ra1 47. h5 gxh5 48. Rxh5 Kf6 49. Kg3 Ra3 50. Kf4 Ra2 51. f3 Ke6 52. Rb5 Ra4+ 53. e4 Ra3 54. Rb6+ Ke7 55. Kg4 Re3 56. Rb7+ Ke6 57. Rb6+ Ke7 58. Kf4 Ra3 59. e5 Rc3 60. Ke4 Ra3 61. f4 Ra4+ 62. Kf5 Ra7 63. Rb8 Rc7 64. Rh8 Ra7 65. Rh7 Ra5 66. Rh1 Ra7 67. Rb1 Rc7 68. Rb6 Ra7 69. Kg5 Ra5 70. Rb7+ Ke6 71. f5+ Kxe5 72. Re7+ Kd6 73. Rxf7 Ra1 74. Kf6 Rf1 75. Rf8 Kd7 76. Kg7 Rg1+ 77. Kf7 Ra1 78. f6 Ra7 79. Rh8 Kd6+ 80. Kg6 Ke6 81. Re8+ Kd6 82. f7 1-0


[Site "https://www.chess.com"]

[Event "Titled Tuesday Blitz May 9 Early 2023"]
[White "Perez Ponsa, Federico"]
[Black "Terry, Renato"]
[WhiteFideId "117927"]
[BlackFideId "3803457"]
[WhiteElo "2590"]
[BlackElo "2575"]
[Result "0-1"]
[Round "05"]
[TimeControl "180+2"]
[Date "2023.05.09"]
[WhiteClock "0:00:07"]
[BlackClock "0:00:24"]

1. d4 e6 2. Nf3 Nf6 3. Bf4 b6 4. e3 Bb7 5. Nbd2 Bd6 6. Bg3 O-O 7. Bd3 h6 8. c3 Bxg3 9. hxg3 d6 10. Qe2 Re8 11. O-O-O Nbd7 12. Rh4 e5 13. dxe5 dxe5 14. Bf5 Qe7 15. Rdh1 e4 16. Nd4 Nc5 17. g4 Nd3+ 18. Kb1 c5 19. Nc2 g6 20. Rxh6 gxf5 21. gxf5 Kg7 22. g4 Ng8 23. R6h5 Qe5 24. f4 exf3 25. Qxd3 Rad8 26. Qc4 Kf8 27. Rh7 Re7 28. Nb3 Be4 29. Kc1 Bd3 30. Qf4 Qxf4 31. exf4 f2 32. Nd2 Bxc2 33. Kxc2 Re2 34. g5 Rdxd2+ 35. Kb3 Re1 36. g6 fxg6 37. fxg6 f1=Q 38. Rxf1 Rxf1 39. Rxa7 Rxf4 40. g7+ Ke8 41. Ra8+ Rd8 0-1


[Site "https://www.chess.com"]

[Event "Titled Tuesday Blitz May 9 Early 2023"]
[White "Seo, Jung Min"]
[Black "Nguyen, Ngoc Truong Son"]
[WhiteFideId "1734687"]
[BlackFideId "12401110"]
[WhiteElo "2468"]
[BlackElo "2556"]
[Result "1-0"]
[Round "05"]
[TimeControl "180+2"]
[Date "2023.05.09"]
[WhiteClock "0:00:10"]
[BlackClock "0:00:00"]

1. Nf3 Nf6 2. g3 d5 3. Bg2 Bf5 4. O-O e6 5. d3 c6 6. c4 dxc4 7. dxc4 Qxd1 8. Rxd1 Nbd7 9. Nc3 Bc2 10. Rd2 Bg6 11. Nh4 Bh5 12. Bf3 Bb4 13. Bxh5 Nxh5 14. Rc2 O-O-O 15. Nf3 Nhf6 16. Bg5 h6 17. Bxf6 Nxf6 18. a3 Be7 19. Ne5 Rhf8 20. Rd1 Rxd1+ 21. Nxd1 Ne4 22. Nc3 Nd6 23. c5 Nf5 24. b4 Kc7 25. Ne4 f6 26. Ng6 Rd8 27. g4 Nd4 28. Rb2 f5 29. Nxe7 fxe4 30. Kg2 Nb5 31. Rb3 Rd2 32. Re3 Nd4 33. Rxe4 Nxe2 34. Ng6 Ra2 35. Rxe6 Kd8 36. Re3 b6 37. cxb6 axb6 38. Ne5 Kc7 39. Nc4 Nf4+ 40. Kf3 Nd5 41. Rd3 b5 42. Ne3 Ne7 43. Nf5 Nxf5 44. gxf5 Rc2 45. Kg3 Rc4 46. f4 Re4 47. Kg4 Re2 48. h4 Rg2+ 49. Kf3 Rg1 50. Re3 Kd7 51. Re6 Ra1 52. Rg6 Rxa3+ 53. Kg4 Rb3 54. Rxg7+ Ke8 55. Rg6 Rxb4 56. Rxc6 Rb1 57. Rxh6 b4 58. Rb6 b3 59. f6 b2 60. Kf5 Kf7 61. h5 Rh1 62. Rb7+ Kg8 63. Rxb2 Rxh5+ 64. Kg6 1-0


[Site "https://www.chess.com"]